 Dungeon Sprint DCSS version bcrawl-1.15.1 (webtiles) character file.

Game seed: 3710575919653684605

1355 Chiseanne the Fighter (level 8, -3/75 HPs)
             Began as a Demonspawn Archaeologist on Sept 29, 2019.
             Was an Initiate of Gozag.
             Slain by a demonic crawler (8 damage)
             ... in the Dungeon (Sprint I: "Red Sonja").
             The game lasted 00:05:21 (1315 turns).

Chiseanne the Fighter (Demonspawn Archaeologist)    Turns: 1315, Time: 00:05:22

Health: -3/75      AC: 15    Str:  6 (9)  XL:     8   Next: 37%
Magic:  14/14      EV: 17    Int: 14 (16) God:    Gozag
Gold:   26         SH:  0    Dex: 11 (13) Spells: 7/7 levels left

rFire    . . .     SeeInvis .   a - +2 dagger (chaos)
rCold    + . .     Gourm    .   (no shield)
rNeg     . . .     Faith    .   e - +0 ring mail of Foolhardiness {MR+ rCorr Str-3 Stlth+} (curse)
rPois    .         Spirit   .   c - +1 hat
rElec    +         Reflect  .   f - +1 cloak of Starlight {rElec rC+ EV+4 Stlth--}
rCorr    +         Harm     .   (no gloves)
MR       +....     NoTele   +   d - +1 pair of boots
Stlth    ..........             (no amulet)
HPRegen  0.22/turn              (no ring)
MPRegen  0.14/turn              (no ring)

@: hasted, very quick
A: horns 1, rugged brown scales 2, demonic guardian 1, spiny 1
a: Potion Petition, Call Merchant, Bribe Branch, Renounce Religion


You were in the Dungeon.
You worshipped Gozag.
Gozag was noncommittal.
You were not hungry.

You visited 1 branch You collected 990 gold pieces.
You spent 458 gold pieces at shops.
You paid 506 gold pieces to Gozag.

Inventory:

Hand Weapons
 a - a +2 dagger of chaos (weapon)
 r - a +0 blowgun
Missiles
 l - 109 sling bullets
 o - 10 curare-tipped needles
Armour
 c - a +1 hat (worn)
 d - a +1 pair of boots (worn)
 e - the cursed +0 ring mail of Foolhardiness (worn) {MR+ rCorr Str-3 Stlth+}
   (You bought it in a shop in the Dungeon)

   It affects your strength (-3).
   It affects your resistance to hostile enchantments.
   It provides partial protection from all sources of acid and corrosion.
   It makes you more stealthy.
   It has a curse placed upon it.
 f - the +1 cloak of Starlight (worn) {rElec rC+ EV+4 Stlth--}

   It affects your evasion (+4).
   It protects you from cold.
   It insulates you from electricity.
   It makes you much less stealthy.
Wands
 n - a wand of polymorph (3)
 p - a wand of random effects (7)
Scrolls
 m - a scroll of blinking
 s - a scroll of identify
Potions
 h - 3 potions of curing
 k - 2 potions of magic
 q - a potion of ambrosia
Comestibles
 g - 5 rations {!d}


   Skills:
 * Level 10.0 Fighting
   Level 0.8 Maces & Flails
 - Level 9.6 Armour
 * Level 9.6 Dodging
 - Level 3.0 Stealth
 * Level 8.1 Evocations


You had 7 spell levels left.
You didn't know any spells.
Your spell library was empty.

Dungeon Overview and Level Annotations

Branches:
Dungeon (1/1)

Altars:
Cheibriados
Dithmenos
Elyvilon
Fedhas
Gozag
Hepliaklqana
Kikubaaqudgha
Lugonu
Makhleb
Nemelex Xobeh
Okawaru
Qazlal
Ru
Sif Muna
Trog
Uskayaw
Vehumet
Wu Jian
Xom
Yredelemnul
Zin
The Shining One
Jiyva

Shops:
D [%


Innate Abilities, Weirdness & Mutations

You have a pair of small horns on your head.
You are mostly covered in rugged brown scales. (AC +2, +5% HP)
A weak demonic guardian rushes to your aid.
You are partially covered in sharp spines.


Message History

You feel momentarily lethargic.
The demonic crawler is lightly wounded.
Your white imp gestures at the demonic crawler.
The puff of frost hits something.
Something hits you but does no damage. Something hits you.
* * * LOW HITPOINT WARNING * * *
Something hits you but does no damage.
The demonic crawler is struck by your spines.
The demonic crawler hits you.
* * * LOW HITPOINT WARNING * * *
The demonic crawler hits you but does no damage. x2
You hit the demonic crawler but do no damage.
The demonic crawler's body glows momentarily.
Your headbutt misses the demonic crawler.
The demonic crawler is lightly wounded.
The demonic crawler closely misses you. x2
The demonic crawler barely misses you. Something hits you but does no damage.
Something hits you!
You die...
Your body crumbles into a pile of gold.

##########################
#<.#..').#5{ss.#__#..'...#
#..').#..'[@#..'s.'..#[.[##+
#..#####'#####'#__####..∩'..
#..####..#...#)####$§#####..
#..#__####..##)#§≈§§c $$ +#
#..#_____##'#_.+≈§§§§
#⌠⌠#_.∩[..'..._#§§§§c#$$
####_..__##_.#'##+####
$$#_____###'#)# $ $
#########.### $ $


You could see 2 demonic crawlers and a friendly white imp.

Vanquished Creatures
  2 kobold demonologists (D)
  A hornet (D)
  A slime creature (D)
  Sigmund (D)
  A yak (D)
  A floating eye (D)
  An ogre (D)
  A jelly (D)
  Ijyb (D)
  3 ballistomycetes (D)
13 creatures vanquished.

Vanquished Creatures (others)
  A gargoyle (D)
  2 ballistomycete spores (D)
3 creatures vanquished.

Grand Total: 16 creatures vanquished

Notes
Turn   | Place    | Note
-------+----------+-------------------------------------------
     0 | D        | Chiseanne the Demonspawn Archaeologist began the quest for
                  | the Orb.
     0 | D        | Reached XP level 1. HP: 15/15 MP: 1/1
     1 | D        | Noticed Ijyb
    21 | D        | Paralysed by Ijyb for 4 turns
    30 | D        | Killed Ijyb
    30 | D        | Reached skill level 4 in Fighting
    30 | D        | Gained mutation: You are partially covered in rugged brown
                  | scales. (AC +1, +3% HP) [demonic ancestry]
    30 | D        | Reached XP level 2. HP: 5/25 MP: 2/2
   301 | D        | Noticed an ogre
   310 | D        | Killed an ogre
   310 | D        | Reached skill level 5 in Fighting
   310 | D        | Reached skill level 5 in Dodging
   310 | D        | Gained mutation: You are partially covered in sharp spines.
                  | [demonic ancestry]
   310 | D        | Reached XP level 3. HP: 35/35 MP: 3/3
   310 | D        | Gained mutation: You have a pair of small horns on your
                  | head. [demonic ancestry]
   310 | D        | Reached XP level 4. HP: 41/41 MP: 4/4
   319 | D        | Noticed Sigmund
   324 | D        | Killed Sigmund
   324 | D        | Reached XP level 5. HP: 39/47 MP: 5/5
   369 | D        | Found a shimmering blue altar of Sif Muna.
   370 | D        | Found an ornate altar of the Wu Jian Council.
   371 | D        | Found a radiant altar of Vehumet.
   375 | D        | Reached skill level 6 in Fighting
   375 | D        | Reached skill level 1 in Evocations
   375 | D        | Reached XP level 6. HP: 44/53 MP: 5/7
   421 | D        | Found Inuoch's Antique Armour Emporium.
   421 | D        | Found an ancient bone altar of Kikubaaqudgha.
   421 | D        | Found a hazy altar of Hepliaklqana.
   421 | D        | Found a hide-covered altar of Uskayaw.
   421 | D        | Found a basalt altar of Yredelemnul.
   421 | D        | Found an opulent altar of Gozag.
   421 | D        | Found a snail-covered altar of Cheibriados.
   421 | D        | Found a sacrificial altar of Ru.
   421 | D        | Found a shadowy altar of Dithmenos.
   421 | D        | Noticed a yak
   428 | D        | Killed a yak
   428 | D        | Reached skill level 7 in Fighting
   429 | D        | Found a stormy altar of Qazlal.
   429 | D        | Found a blossoming altar of Fedhas.
   429 | D        | Found a bloodstained altar of Trog.
   429 | D        | Found an iron altar of Okawaru.
   429 | D        | Found a glowing golden altar of the Shining One.
   429 | D        | Found a glowing silver altar of Zin.
   429 | D        | Found a white marble altar of Elyvilon.
   432 | D        | Found a sparkling altar of Nemelex Xobeh.
   598 | D        | Became a worshipper of Gozag Ym Sagoz the Greedy
   601 | D        | Bought a warped ring mail for 198 gold pieces
   612 | D        | Identified the cursed +0 ring mail of Foolhardiness {MR+
                  | rCorr Str-3 Stlth+} (You bought it in a shop in the
                  | Dungeon)
   618 | D        | Noticed Sonja
   619 | D        | Noticed Sonja
   619 | D        | Sonja changed into Sonja the hornet
   624 | D        | Killed Sonja the hornet
   624 | D        | Reached skill level 8 in Fighting
   624 | D        | Reached skill level 5 in Evocations
   624 | D        | Gained mutation: You are mostly covered in rugged brown
                  | scales. (AC +2, +5% HP) [demonic ancestry]
   624 | D        | Reached XP level 7. HP: 47/65 MP: 8/11
   914 | D        | Noticed a centaur warrior
   914 | D        | Noticed a centaur warrior
   919 | D        | Found a viscous altar of Jiyva.
   919 | D        | Found a corrupted altar of Lugonu.
   919 | D        | Noticed a slime creature
   920 | D        | Found a burning altar of Makhleb.
   920 | D        | Found a shimmering altar of Xom.
   925 | D        | Killed a slime creature
   950 | D        | Noticed a kobold demonologist
   950 | D        | Noticed a kobold demonologist
   957 | D        | Reached skill level 9 in Fighting
   960 | D        | Noticed a red devil
   968 | D        | Killed a kobold demonologist
   968 | D        | Gained mutation: A weak demonic guardian rushes to your
                  | aid. [demonic ancestry]
   968 | D        | Reached XP level 8. HP: 36/74 MP: 13/13
   969 | D        | Noticed an orange demon
   972 | D        | Killed a kobold demonologist
   972 | D        | Reached skill level 10 in Fighting
  1262 | D        | Killed a gargoyle
  1273 | D        | Bought a ration for 65 gold pieces
  1273 | D        | Bought a ration for 65 gold pieces
  1273 | D        | Bought a ration for 65 gold pieces
  1273 | D        | Bought a ration for 65 gold pieces
  1286 | D        | Noticed a demonic crawler
  1286 | D        | Noticed a demonic crawler
  1286 | D        | Noticed a demonic crawler
  1286 | D        | Noticed a demonic crawler
  1315 | D        | Slain by a demonic crawler

Skill      XL: |  1  2  3  4  5  6  7  8 |
---------------+-------------------------+-----
Fighting       | 4 5 6 8 9 10 | 10.0
Dodging        | 4 5 6 7 9 |  9.6
Armour         | 3 9 |  9.6
Evocations     | 1 5 7 8 |  8.1
Maces & Flails | |  0.8
Stealth        | |  3.0

Action                   |  1- 3 |  4- 6 |  7- 9 || total
-------------------------+-------+-------+-------++-------
Melee: Whip              |    11 |       |       ||    11
       Unarmed           |    11 |       |       ||    11
       Dagger            |     8 |    18 |    55 ||    81
       Headbutt          |       |     5 |    13 ||    18
Invok: Call Merchant     |       |       |     1 ||     1
Evoke: Wand              |       |     1 |       ||     1
  Use: Potion            |     1 |       |     3 ||     4
       Scroll            |       |       |     1 ||     1
  Eat: Ration            |       |       |     1 ||     1
Armor: Skin              |     2 |       |       ||     2
       Robe              |     1 |       |       ||     1
       Scale mail        |     2 |     3 |       ||     5
       Ring mail         |       |       |    36 ||    36
Dodge: Dodged            |    13 |    11 |    59 ||    83
